 Dungeon Crawl Stone Soup version 0.26-a0-497-g0187308201 (webtiles) character file.

Game seed: 5141857950387785853

429 MrRokkomies the Slasher (level 6, -31/43 HPs)
             Began as an Octopode Chaos Knight on Aug 6, 2020.
             Was a Plaything of Xom.
             Annihilated by an ogre
             ... wielding a +0 giant club
              (49 damage)
             ... on level 4 of the Dungeon.
             The game lasted 00:04:03 (3756 turns).

MrRokkomies the Slasher (Octopode Chaos Knight)     Turns: 3756, Time: 00:04:04

Health: -31/43     AC:  1    Str: 11    XL:     6   Next: 98%
Magic:  6/6        EV: 16    Int: 16    God:    Xom [.*....]
Gold:   118        SH:  0    Dex: 18    Spells: 5/5 levels left

rFire    . . .     SeeInvis .   a - +1 falchion (chaos)
rCold    . . .     Faith    .   (no shield)
rNeg     . . .     Spirit   .   (helmet restricted)
rPois    .         Reflect  .   (no amulet)
rElec    .         Harm     .   j - +6 ring of dexterity
rCorr    .                      (no ring)
MR       .....                  (no ring)
Stlth    ++++......             (no ring)
HPRegen  0.14/turn              (no ring)
MPRegen  0.10/turn              (no ring)
                                (no ring)
                                (no ring)

@: no status effects
A: almost no armour, stealthy swim, amphibious, 8 rings, constrict 8, camouflage
1, gelatinous body 1
a: Renounce Religion


You were on level 4 of the Dungeon.
You worshipped Xom.
You were a plaything of Xom.
You visited 1 branch of the dungeon, and saw 4 of its levels.

You collected 118 gold pieces.

Inventory:

Hand Weapons
 a - a +1 falchion of chaos (weapon)
 m - a +0 hunting sling
Missiles
 l - 5 curare-tipped darts (quivered)
 n - 83 stones
 r - 26 sling bullets
Jewellery
 j - a +6 ring of dexterity (left tentacle)
Wands
 c - a wand of random effects (12)
Scrolls
 b - a scroll of identify
 g - a scroll of teleportation
Potions
 d - a potion of berserk rage
 e - a potion of heal wounds
 f - a potion of haste
 h - 2 potions of mutation
 i - a potion of curing
 k - a potion of ambrosia
 o - a potion of magic {unknown}


   Skills:
 + Level 4.1 Fighting
 * Level 4.9 Long Blades
 * Level 4.6 Dodging
 + Level 3.6 Stealth


You had 5 spell levels left.
You didn't know any spells.
Your spell library contained the following spells:

 Spells                   Type           Power        Failure   Level
 Animate Skeleton         Necr           #.....       26%         1
 Apportation              Tloc           #.....       26%         1
 Corona                   Hex            #......      26%         1
 Summon Small Mammal      Summ           #...         26%         1


Dungeon Overview and Level Annotations

Branches:
Dungeon (4/15)
 Temple: D:4-7

Altars:
Nemelex Xobeh
Okawaru

Shops:
D:4 !

Annotations:
D:4 Pikel


Innate Abilities, Weirdness & Mutations

You cannot wear most types of armour.
You are very stealthy in the water. (Stealth+)
You are amphibious.
You can wear up to eight rings at the same time.
You can use your tentacles to constrict eight enemies at once.
Your skin changes colour to match your surroundings (Stealth+).
Your rubbery body absorbs attacks. (AC +1, EV +1)


Message History

You slash the orc!
You kill the orc!
Things that are here:
a +0 club; a +0 leather armour; an orc corpse You closely miss the orc.
You grab the orc.
You constrict the orc, but do no damage.
The orc closely misses you.
You hit the orc but do no damage. You constrict the orc.
You hit the orc but do no damage. You drain the orc.
You kill the orc!
You completely miss the ogre. You squeeze the ogre, but do no damage.
The ogre hits you with a +0 giant club!
You hit the ogre.
The ogre seems to grow stronger.
Xom thinks this is hilarious!
Your squeeze misses the ogre.
The ogre is lightly wounded.
The ogre hits you with a +0 giant club!!!
Ouch! That really hurt!
You die...
Xom laughs nastily!

.....#.......5..5...
.......<......K.....
.....................\.\...#
...........55.5.............#
..........##.)5.............#
###.......####...........#.#
#..........#.............##
.##............##..........#
..$.....#.)@O.####..........
.......<..).....#..<..$..#
....)#..##............####
... #...##...!.......# .
........#........##
..................#
....#........#...#..#
...##..###...##..#.## ...
#### ##########


You could see an ogre (strong).

Vanquished Creatures
  Sigmund (D:3)
  2 orc wizards (D:4)
  An orc priest (D:4)
  A howler monkey skeleton (D:3)
  7 adders
  2 oozes
  2 worms (D:2)
  2 dart slugs
  4 leopard geckos
  5 orcs
  3 bats
  4 giant cockroaches
  9 goblins
  8 hobgoblins
  2 quokkas (D:3)
  3 frilled lizards
  13 kobolds
  12 rats
81 creatures vanquished.

Notes
Turn   | Place    | Note
-------+----------+-------------------------------------------
     0 | D:1      | MrRokkomies the Octopode Chaos Knight began the quest for
                  | the Orb.
     0 | D:1      | Reached XP level 1. HP: 16/16 MP: 1/1
   142 | D:1      | XOM: potion effect (stabbing)
   278 | D:1      | Reached XP level 2. HP: 21/21 MP: 2/2
   394 | D:1      | Reached skill level 1 in Stealth
   444 | D:1      | XOM: smoke on damage
   542 | D:1      | XOM: noise
   642 | D:1      | Reached XP level 3. HP: 19/26 MP: 3/3
  1200 | D:2      | Found an iron altar of Okawaru.
  1374 | D:2      | XOM: 1-stop teleportation journey
  1442 | D:2      | Reached XP level 4. HP: 31/31 MP: 4/4
  1453 | D:2      | XOM: 2-stop teleportation journey
  1898 | D:2      | XOM: cloud trail
  2252 | D:2      | XOM: cloud trail
  2404 | D:2      | XOM: 1-stop teleportation journey
  2759 | D:3      | Reached XP level 5. HP: 36/36 MP: 5/5
  3055 | D:3      | XOM: noise
  3342 | D:3      | Found a sparkling altar of Nemelex Xobeh.
  3385 | D:3      | Noticed Sigmund
  3391 | D:3      | Killed Sigmund
  3391 | D:3      | Reached XP level 6. HP: 30/43 MP: 6/6
  3486 | D:3      | XOM: silly message
  3641 | D:4      | XOM: summons 4 hostile demons
  3643 | D:4      | Noticed Pikel
  3648 | D:4      | Found Zuophiw's Distillery.
  3756 | D:4      | Annihilated by an ogre

Illustrated notes

Levels and vault maps discovered:
D:1:      scummos_arrival_checkerplants, layout_basic
D:2:      layout_loops_corners, okawaru_trees_2
D:3:      layout_rooms, nemelex_dance_club_becter, uniq_sigmund
D:4:      layout_cave_pools, serial_shops,
          nicolae_shop_competitors_out_of_business, uniq_pikel

Skill      XL: |  1  2  3  4  5 |
---------------+----------------+-----
Stealth        | 1 2 3 |  3.6
Dodging        | 3 4 |  4.6
Long Blades    | 4 |  4.9
Fighting       | 4 |  4.1

Action                   |  1- 3 |  4- 6 || total
-------------------------+-------+-------++-------
Melee: Falchion          |    62 |    84 ||   146
       Constrict         |    20 |    25 ||    45
       Tentacles         |     6 |    19 ||    25
Throw: Dart              |       |     2 ||     2
  Use: Scroll            |     4 |    10 ||    14
 Stab: Sleeping          |     3 |    10 ||    13
       Confused          |     1 |       ||     1
Armor: Skin              |    10 |     6 ||    16
Dodge: Dodged            |    57 |    62 ||   119
       Rpst.: Falchion   |    12 |    18 ||    30

Table legend: (Time is in decaauts)
 A = Elapsed time spent in this place.
 B = Non-inter-level travel time spent in this place.
 C = Inter-level travel time spent in this place.
 D = Time resting spent in this place.
 E = Time spent auto-exploring this place.
 F = Levels seen in this place.
 G = Mean time per level.
                   A        B        C        D        E       F      G
               +--------+--------+--------+--------+--------+-----+--------+
         Total |   3772 |   3662 |    110 |    569 |   2615 |   4 |  943.0 |
       Dungeon |   3772 |   3662 |    110 |    569 |   2615 |   4 |  943.0 |
               +--------+--------+--------+--------+--------+-----+--------+

Top non-repeatable levels by time:
     D:2: 1637 daAuts
     D:1: 1129 daAuts
     D:3: 976 daAuts
     D:4: 29 daAuts
